 Dungeon Crawl Stone Soup version 0.31.0-11-ge490571c62 (webtiles) character file.

Game seed: 17878562841455032815

13 SnakkuSnakku7 the Conjurer (level 2, 0/21 HPs)
             Began as a Merfolk Conjurer on Feb 1, 2024.
             Slain by a bat (1 damage)
             ... on level 1 of the Dungeon.
             The game lasted 00:01:05 (501 turns).

SnakkuSnakku7 the Conjurer (Merfolk Conjurer)        Turns: 501, Time: 00:01:05

Health: 0/21       AC:  2    Str:  7    XL:     2   Next: 37%
Magic:  5/5        EV: 12    Int: 17    God:
Gold:   48         SH:  0    Dex: 12    Spells: 4/5 levels left

rFire   . .          .
                       - Unarmed
rCold   . . .        c - orb {light}
rNeg    . . .        a - +0 robe
rPois   .            (no helmet)
rElec   .            (no cloak)
rCorr   .            (no gloves)
SInv    .            (no boots)
Will    .....        (no amulet)
Stlth   +            (no ring)
HPRegen 0.23/turn    (no ring)
MPRegen 0.09/turn

%: no passive effects
@: glowing
A: (nimble swimmer 2), mertail
a: no special abilities


You were on level 1 of the Dungeon.
You visited 1 branch of the dungeon, and saw 1 of its levels.

You collected 48 gold pieces.

Inventory:

Missiles
 e - 4 poisoned darts (quivered)
Armour
 a - a +0 robe (worn)
 b - a +0 ring mail
 c - an orb of light (worn)
Jewellery
 g - a ring of ice
Scrolls
 d - a scroll of identify {unknown}
 f - a scroll of revelation {unknown}
Potions
 h - 2 potions of might {unknown}
 i - a potion of invisibility {unknown}


   Skills:
 - Level 1.2 Fighting
 + Level 0.2 Throwing
 - Level 2.6 Dodging
 - Level 2.1 Stealth
 + Level 1.4 Unarmed Combat
 - Level 2.0 Spellcasting
 - Level 3.2 Conjurations


You had 4 spell levels left.
You knew the following spells:

 Your Spells              Type           Power      Damage    Failure   Level
a - Magic Dart            Conj           48%        1d5       4%          1

Your spell library contained the following spells:

 Spells                   Type           Power      Damage    Failure   Level
 Searing Ray              Conj           24%        2d5       8%          2
 Fulminant Prism          Conj/Alch      3%         3d5       69%         4
 Iskenderun's Mystic Bla  Conj/Tloc      7%         2d4       69%         4


Dungeon Overview and Level Annotations

Branches:
Dungeon (1/15)

Altars:


Innate Abilities, Weirdness & Mutations

((You are very nimble when in or above water. (Stealth+, EV+, Speed+++)))
Your lower body shifts to a powerful aquatic tail in water.


Message History

The bat hits you. The bat closely misses you. The bat hits you.
You hit the bat.
You kill the bat!
No target in view!
You see here a +0 robe.
Found a stone staircase leading down.
A hobgoblin comes into view.
A hobgoblin is nearby!
Found a scroll labelled ZADEMA JAOCOH.
The hobgoblin shouts!
The hobgoblin closely misses you.
You hit the hobgoblin but do no damage.
A bat comes into view.
The hobgoblin hits you.
You hit the hobgoblin.
The hobgoblin is lightly wounded.
The hobgoblin hits you.
You hit the hobgoblin but do no damage.
The hobgoblin is lightly wounded.
The hobgoblin hits you. The bat hits you but does no damage.
You hit the hobgoblin but do no damage.
The hobgoblin is lightly wounded.
The bat hits you but does no damage. The hobgoblin hits you.
You barely miss the hobgoblin.
The hobgoblin is lightly wounded.
The bat hits you but does no damage. The hobgoblin hits you.
* * * LOW HITPOINT WARNING * * *
You are too injured to fight recklessly!
You are too injured to fight recklessly!
Throw: 5 darts (poison)
Press: ? - help, Q - select action, (/) - cycle Shift-Dir - straight line, f - hobgoblin
Aim: a hobgoblin (lightly wounded, haloed, 74% to hit)
You throw a poisoned dart. The poisoned dart hits the hobgoblin.
The hobgoblin is poisoned.
The hobgoblin is lightly wounded.
The bat barely misses you. The hobgoblin hits you.
* * * LOW HITPOINT WARNING * * *
The bat hits you.
You die...

#.##### #....... #.
....# #....... #. #.#.#
#....... ####.##...#
#....... ........#.#
#....... ........#.####
####...#
.............#######...#
....#..#..#............
. #.@#...............
..?...gb#...........##..
.....#.>###..#####..#P..
.............# #.###..
###########.## #)##P..
#.# #.###.. ## #.#
#.##P.. #...#######[#
#..##..
#.[.......#########P.P


You could see a hobgoblin (poisoned) and a bat.

Vanquished Creatures
  A ball python (D:1)
  4 goblins (D:1)
  3 jackals (D:1)
  A bat (D:1)
  2 rats (D:1)
11 creatures vanquished.

Notes
Turn   | Place    | Note
-------+----------+-------------------------------------------
     0 | D:1      | SnakkuSnakku7 the Merfolk Conjurer began the quest for the
                  | Orb.
     0 | D:1      | Reached XP level 1. HP: 13/13 MP: 3/3
   124 | D:1      | Reached skill level 1 in Fighting
   124 | D:1      | Reached skill level 1 in Unarmed Combat
   152 | D:1      | Reached XP level 2. HP: 13/21 MP: 1/5
   501 | D:1      | HP: 1/21 [hobgoblin (3)]
   501 | D:1      | Slain by a bat

Illustrated notes

Levels and vault maps discovered:
D:1:      minmay_arrival_plants_in_alcoves, layout_loops_cross,
          dreamdust_ecumenical_altar_sealed_demon, serial_shops,
          nicolae_shop_hallway_plus

Skill      XL: |  1 |
---------------+----+-----
Fighting       | 1 |  1.2
Unarmed Combat | 1 |  1.4
Throwing       | |  0.2
Dodging        | |  2.6
Stealth        | |  2.1
Spellcasting   | |  2.0
Conjurations   | |  3.2

Action                     || total
---------------------------++-------
  Melee: Unarmed           ||    59
         Punch             ||     1
  Throw: Dart              ||     1
   Cast: Magic Dart        ||    16
    Use: Potion            ||     1
 Armour: Robe              ||    50
  Dodge: Dodged            ||    44
